 Dungeon Crawl Stone Soup version 0.24.0-123-gd5b16e6ec5 (webtiles) character file.

Game seed: 12079005334835315637, levelgen mode: deterministic

4743 Delamore the Severer (level 10, -3/77 HPs)
             Began as a Hill Orc Fighter on Dec 25, 2019.
             Was an Initiate of Okawaru.
             Slain by an orc warrior
             ... wielding a +0 battleaxe
              (15 damage)
             ... on level 8 of the Dungeon.
             The game lasted 00:10:32 (7255 turns).

Delamore the Severer (Hill Orc Fighter)             Turns: 7255, Time: 00:10:33

Health: -3/77      AC: 14    Str: 23    XL:     10   Next: 46%
Magic:  0/10       EV:  4    Int:  8    God:    Okawaru [......]
Gold:   544        SH:  9    Dex: 10    Spells: 9/9 levels left

rFire    . . .     SeeInvis .   u - +0 hand axe (chop)
rCold    + . .     Gourm    .   c - +0 shield
rNeg     + . .     Faith    .   z - +0 plate armour
rPois    .         Spirit   +   i - +0 helmet
rElec    .         Reflect  .   g - +0 cloak
rCorr    .         Harm     .   (no gloves)
MR       .....                  t - +0 pair of boots
Stlth    ..........             k - amulet of guardian spirit
HPRegen  0.22/turn              y - ring of positive energy
MPRegen  0.12/turn              F - ring of protection from cold

@: no status effects
A: no striking features
a: Renounce Religion


You were on level 8 of the Dungeon.
You worshipped Okawaru.
Okawaru was noncommittal.
You were not hungry.

You visited 2 branches of the dungeon, and saw 9 of its levels.

You collected 544 gold pieces.

Inventory:

Hand Weapons
 u - a +0 hand axe of chopping (weapon)
Missiles
 j - 6 javelins (quivered)
Armour
 c - a +0 shield (worn)
 g - a +0 cloak (worn)
 i - a +0 helmet (worn)
 t - a +0 pair of boots (worn)
 z - a +0 plate armour (worn)
Jewellery
 a - an uncursed amulet of the gourmand
 k - an amulet of guardian spirit (around neck)
 y - a ring of positive energy (left hand)
 F - a ring of protection from cold (right hand)
Wands
 b - a wand of digging (5)
 m - a wand of random effects (11)
 B - a wand of disintegration (14)
 E - a wand of enslavement (8)
 H - a wand of scattershot (6)
Scrolls
 e - 7 scrolls of remove curse
 o - 4 scrolls of teleportation {unknown}
 r - 4 scrolls of noise
 s - 2 scrolls of enchant weapon {unknown}
 x - a scroll of amnesia {unknown}
 A - a scroll of identify
 I - a scroll of blinking {unknown}
Potions
 d - 2 potions of might
 h - 2 potions of heal wounds {unknown}
 l - 3 potions of mutation
 n - a potion of curing
 p - 2 potions of agility
 q - 2 potions of brilliance
 v - 2 potions of ambrosia
 w - a potion of flight
 C - 2 potions of lignification {unknown}
 D - a potion of degeneration {unknown}
Comestibles
 f - 17 rations
 G - 8 chunks of flesh


   Skills:
 - Level 3.6 Fighting
 + Level 18.0 Axes
 - Level 3.2 Armour
 - Level 3.2 Shields


You had 9 spell levels left.
You didn't know any spells.
Your spell library contained the following spells:

 Spells                   Type           Power        Failure   Level  Hunger
 Beastly Appendage        Tmut           #.....       100%        1    ##.....
 Sticks to Snakes         Tmut           #.......     100%        2    ###....
 Spider Form              Tmut/Pois      #.........   100%        3    ####...
 Ice Form                 Ice/Tmut       #.......     100%        4    #####..
 Blade Hands              Tmut           #.........   100%        5    ######.


Dungeon Overview and Level Annotations

Branches:
Dungeon (8/15)             Temple (1/1) D:4
   Lair: D:8-11

Altars:
Ashenzari
Cheibriados
Dithmenos
Elyvilon
Gozag
Hepliaklqana
Kikubaaqudgha
Makhleb
Nemelex Xobeh
Okawaru
Qazlal
Ru
Sif Muna
Trog
Uskayaw
Vehumet
Wu Jian
Xom
Yredelemnul
The Shining One

Shops:
D:5 =}*[:


Message History

You kill the orc!
Okawaru accepts your kill.
You barely miss the orc warrior.
The orc warrior hits you with a +0 battleaxe!
You closely miss the orc warrior.
You hit the orc warrior but do no damage.
The orc warrior barely misses you.
You hit the orc warrior but do no damage.
You hit the orc warrior but do no damage.
You hit the orc warrior but do no damage.
The orc warrior hits you with a +0 battleaxe!
* * * LOW HITPOINT WARNING * * *
Your plate armour prevents you from hitting the orc warrior.
The orc warrior barely misses you.
Okay, then.
Okay, then.
You completely miss the orc warrior.
Your plate armour prevents you from hitting the orc warrior.
The orc warrior hits you with a +0 battleaxe!!
You die...

.# ## #.## #### #..
....# #...###.# .....
#.......## ......
#........### #......
#.........#####.......
#..........#..........
#.........o@)##%......
#..........### .......
. .###..........#
....o.. .
..............#
....... .
##..........# .......
. #..#.......# .......
. ##..#......# .......
. #..###....#
##.####..##


You could see an orc warrior.

Vanquished Creatures
  2 hippogriffs
  2 wraiths (D:7)
  6 yaks (D:4)
  Menkaure (D:6)
  A water moccasin (D:8)
  An orc warrior (D:5)
  2 sky beasts
  A black bear (D:6)
  A centaur (D:6)
  A necrophage (D:7)
  8 ogres
  A crocodile (D:8)
  3 bullfrogs
  A gnoll sergeant (D:8)
  3 scorpions
  A howler monkey (D:4)
  A wight (D:7)
  3 crimson imps
  4 human zombies (D:7)
  3 orc priests
  A bullfrog skeleton (D:4)
  6 hounds
  A gnoll shaman (D:4)
  Jessica (D:2)
  2 human skeletons (D:7)
  2 iguanas
  3 orc wizards (D:6)
  6 worker ants
  A hound zombie (D:6)
  An ogre skeleton (D:7)
  A hound skeleton (D:7)
  A mummy (D:7)
  A howler monkey zombie (D:5)
  A worker ant zombie (D:5)
  8 gnolls
  3 adders (D:2)
  2 howler monkey skeletons
  2 shadow imps
  2 oozes
  An adder skeleton (D:6)
  3 worms
  3 dart slugs
  3 leopard geckos (D:2)
  24 orcs
  A ball python (D:3)
  6 giant cockroaches
  5 goblins
  8 hobgoblins
  8 jackals
  2 quokkas (D:2)
  A ball python zombie (D:5)
  2 bats
  6 frilled lizards
  2 kobolds (D:3)
  A leopard gecko skeleton (D:5)
  A leopard gecko zombie (D:3)
  10 rats
178 creatures vanquished.

Vanquished Creatures (others)
  2 orcs
  4 toadstools (D:5)
6 creatures vanquished.

Grand Total: 184 creatures vanquished

Notes
Turn   | Place    | Note
-------+----------+-------------------------------------------
     0 | D:1      | Delamore the Hill Orc Fighter began the quest for the Orb.
     0 | D:1      | Reached XP level 1. HP: 19/19 MP: 1/1
    19 | D:1      | Reached skill level 3 in Axes
   108 | D:1      | Reached XP level 2. HP: 21/26 MP: 2/2
   155 | D:1      | Reached skill level 4 in Axes
   681 | D:2      | Noticed Jessica
   686 | D:2      | Killed Jessica
   686 | D:2      | Reached skill level 5 in Axes
   686 | D:2      | Reached XP level 3. HP: 23/31 MP: 1/3
   708 | D:2      | Reached XP level 4. HP: 15/39 MP: 2/4
   856 | D:2      | Reached skill level 6 in Axes
   859 | D:2      | Found a hide-covered altar of Uskayaw.
  1624 | D:3      | Reached XP level 5. HP: 45/45 MP: 3/5
  1698 | D:4      | Found a shadowy altar of Dithmenos.
  1717 | D:4      | Reached skill level 7 in Axes
  1876 | D:4      | Reached skill level 8 in Axes
  1901 | D:4      | Got an encrusted short sword
  1902 | D:4      | Identified the +11 short sword of Invincibility {venom, rC+
                  | Int+4 Dex-2} (You found it on level 4 of the Dungeon)
  1912 | D:4      | Reached XP level 6. HP: 41/51 MP: 6/6
  2032 | D:4      | Found a staircase to the Ecumenical Temple.
  2091 | Temple   | Entered the Ecumenical Temple
  2285 | D:4      | Reached skill level 9 in Axes
  2328 | D:4      | Found an ornate altar of the Wu Jian Council.
  2376 | D:4      | Reached XP level 7. HP: 44/57 MP: 7/7
  2417 | D:5      | Entered Level 5 of the Dungeon
  2417 | D:5      | Noticed a yak
  2418 | D:5      | Noticed a yak
  2418 | D:5      | Noticed a yak
  2418 | D:5      | Noticed a yak
  2418 | D:5      | Noticed a yak
  2426 | D:4      | Killed a yak
  2426 | D:4      | Reached skill level 10 in Axes
  2638 | D:4      | Killed a yak
  2638 | D:4      | Reached skill level 11 in Axes
  2644 | D:4      | Killed a yak
  2644 | D:4      | Reached XP level 8. HP: 27/64 MP: 3/8
  2830 | D:5      | Noticed a yak
  2840 | D:4      | Killed a yak
  2840 | D:4      | Reached skill level 12 in Axes
  2844 | D:4      | Killed a yak
  3055 | D:4      | Killed a yak
  3055 | D:4      | Reached skill level 13 in Axes
  3296 | D:5      | Found Zecial's Gadget Shoppe.
  3366 | D:5      | Found Ywagon Jouwi's Armour Shop.
  3368 | D:5      | Found Bafie's Book Shoppe.
  3439 | D:5      | Found Cuaxog's General Store.
  3469 | D:5      | Reached skill level 14 in Axes
  3469 | D:5      | Reached XP level 9. HP: 64/70 MP: 9/9
  3547 | D:5      | Found Xywemuir's Jewellery Boutique.
  3645 | D:5      | Found a snail-covered altar of Cheibriados.
  3649 | D:5      | Found an opulent altar of Gozag.
  3649 | D:5      | Found a shattered altar of Ashenzari.
  3662 | D:5      | Found a burning altar of Makhleb.
  4146 | D:6      | Noticed Menkaure
  4152 | D:6      | Reached skill level 15 in Axes
  4457 | D:6      | Killed Menkaure
  5267 | D:6      | Reached skill level 16 in Axes
  5963 | D:7      | Reached XP level 10. HP: 63/77 MP: 8/10
  6087 | D:7      | Reached skill level 17 in Axes
  6161 | D:7      | Found an ancient bone altar of Kikubaaqudgha.
  6254 | D:7      | Found a bloodstained altar of Trog.
  6392 | D:7      | Found a white marble altar of Elyvilon.
  7053 | D:8      | Found an iron altar of Okawaru.
  7054 | D:8      | Found a sparkling altar of Nemelex Xobeh.
  7061 | D:8      | Became a worshipper of Warmaster Okawaru
  7112 | D:8      | Reached skill level 18 in Axes
  7255 | D:8      | Slain by an orc warrior

Levels and vault maps discovered:
D:1:      dpeg_arrival_rooms_with_view, layout_loops_ring
D:2:      layout_rooms, nicolae_overflow_crystal_walls, uniq_jessica
D:3:      layout_loops_cross, minivault_24
D:4:      layout_rooms, lemuel_doored_altar, nicolae_dithmenos_shadow_blocks,
          lemuel_temple_firewalk_a, first_ration, minmay_small_thing
D:5:      layout_gridville, minitemple, serial_shops, nicolae_shop_behind_doors,
          nicolae_shop_statue_plus, nicolae_shop_window_shopping, shop,
          nicolae_shop_crystal, minmay_gold_behind_fungi
D:6:      layout_layer_cave, uniq_menkaure
D:7:      layout_rooms, lemuel_mausoleum_altar_kikubaaqudgha, basic_altar,
          lemuel_altar_in_water
D:8:      layout_cave_pods, elyvilon_altar_4,
          chequers_temple_overflow_statue_of_worship
Temple:   nicolae_temple_figure_zero

Skill      XL: |  1  2  3  4  5  6  7  8  9 10 |
---------------+-------------------------------+-----
Axes           | 3 5 6 8 9 11 14 16 18 | 18.0
Fighting       | |  3.6
Armour         | |  3.2
Shields        | |  3.2

Action                   |  1- 3 |  4- 6 |  7- 9 | 10-12 || total
-------------------------+-------+-------+-------+-------++-------
Melee: War axe           |    90 |    93 |       |       ||   183
       Hand axe          |       |    49 |   306 |   255 ||   610
       Short sword       |       |    40 |    11 |       ||    51
Throw: Javelin           |       |       |     6 |       ||     6
  Use: Scroll            |       |       |     8 |       ||     8
       Potion            |       |       |     1 |       ||     1
  Eat: Chunk             |       |     5 |    18 |     1 ||    24
Armor: Scale mail        |    43 |    84 |    75 |       ||   202
       Plate armour      |       |       |    55 |    77 ||   132
Dodge: Dodged            |    22 |    43 |    61 |    35 ||   161
Block: Shield            |    42 |    83 |    96 |    61 ||   282
